 Dungeon Crawl Stone Soup version 0.27-a0-279-gdfb9265905 (webtiles) character file.

Game seed: 9562498051000426597

921 nomadicburrito the Insei (level 8, -11/42 HPs)
             Began as a Vine Stalker Monk on Feb 7, 2021.
             Mangled by an orc warrior
             ... wielding a cursed -2 halberd
              (15 damage)
             ... on level 5 of the Dungeon.
             The game lasted 00:13:24 (5021 turns).

nomadicburrito the Insei (Vine Stalker Monk)        Turns: 5021, Time: 00:13:25

Health: -11/42     AC:  8    Str: 14    XL:     8   Next: 10%
Magic:  0/9        EV: 15    Int: 10    God:
Gold:   434        SH:  0    Dex: 19    Spells: 7/7 levels left

rFire    . . .     SeeInvis .     - Unarmed
rCold    . . .     Faith    .   (no shield)
rNeg     . . .     Spirit   +   a - +1 robe
rPois    .         Reflect  .   (no helmet)
rElec    .         Harm     .   c - scarf {+Inv}
rCorr    .         Rampage  .   (no gloves)
Will     +....                  y - +0 pair of boots
Stlth    +++.......             m - amulet of the acrobat
HPRegen  0.54/turn              (no ring)
MPRegen  0.11/turn              r - +4 ring of protection

@: no status effects
A: fangs 3, regeneration 1, magic shield, antimagic bite, no potion heal 3
a: Evoke Invisibility


You were on level 5 of the Dungeon.
You visited 1 branch of the dungeon, and saw 5 of its levels.

You collected 483 gold pieces.
You spent 49 gold pieces at shops.

Inventory:

Armour
 a - a +1 robe (worn)
 c - a scarf of invisibility (worn)
 y - a +0 pair of boots (worn)
Jewellery
 m - an amulet of the acrobat (around neck)
 r - a +4 ring of protection (right hand)
Wands
 q - a wand of flame (14)
 t - a wand of iceblast (6)
 v - a wand of polymorph (7)
 w - a wand of paralysis (9)
Scrolls
 d - a scroll of teleportation {unknown}
 f - 2 scrolls of blinking {unknown}
 g - 2 scrolls of identify {unknown}
 h - 3 scrolls of enchant armour
 j - 4 scrolls of remove curse
 l - 2 scrolls of immolation
 p - 4 scrolls of magic mapping {unknown}
 s - a scroll of enchant weapon {unknown}
 z - a scroll of fear {unknown}
 A - a scroll of random uselessness {unknown}
Potions
 b - 4 potions of brilliance
 e - 3 potions of curing
 i - a potion of flight {unknown}
 k - 2 potions of lignification {unknown}
 n - a potion of heal wounds {unknown}
 o - a potion of attraction {unknown}
 u - a potion of might {unknown}
 x - a potion of berserk rage {unknown}


   Skills:
 + Level 4.5 Fighting
 + Level 4.0 Dodging
 + Level 5.7 Stealth
 * Level 6.4 Unarmed Combat


You had 7 spell levels left.
You didn't know any spells.
Your spell library contained the following spells:

 Spells                   Type           Power        Failure   Level
 Foxfire                  Conj/Fire      0%           36%         1
 Shock                    Conj/Air       0%           36%         1
 Swiftness                Air            0%           50%         2
 Conjure Flame            Conj/Fire      0%           75%         3
 Inner Flame              Hex/Fire       0%           75%         3
 Static Discharge         Conj/Air       0%           75%         3
 Airstrike                Air            0%           98%         4
 Sticky Flame             Conj/Fire      0%           98%         4
 Fireball                 Conj/Fire      0%           100%        5
 Lightning Bolt           Conj/Air       0%           100%        5


Dungeon Overview and Level Annotations

Branches:
Dungeon (5/15)
 Temple: D:4-7

Altars:
Cheibriados
Qazlal

Shops:
D:5 [(

Annotations:
D:4 3 runed translucent doors, garrulousMonolith's ghost, amateur GrEE; mandarbmax's ghost, amateur BaSu; mandarbmax's ghost, amateur DsVM
D:5 1 runed translucent door


Innate Abilities, Weirdness & Mutations

You have razor-sharp teeth.
Your natural rate of healing is unusually fast.
When hurt, damage is shared between your health and your magic reserves.
Your bite disrupts and absorbs the magic of your enemies.
Potions cannot restore your health.


Message History

You hit the orc warrior.
You bite the orc warrior, but do no damage.
The orc warrior is moderately wounded.
The orc warrior hits you with a cursed -2 halberd!
* * * LOW HITPOINT WARNING * * *
You hit the orc warrior but do no damage.
The orc warrior is moderately wounded.
The orc warrior hits you with a cursed -2 halberd.
* * * LOW HITPOINT WARNING * * *
You closely miss the orc warrior. You bite the orc warrior.
You drain its power.
You feel invigorated.
The orc warrior is heavily wounded.
The orc warrior closely misses you.
You hit the orc warrior but do no damage.
Your punch misses the orc warrior.
The orc warrior is heavily wounded.
You hit the orc warrior.
The orc warrior is severely wounded.
The orc warrior hits you with a cursed -2 halberd!!
You die...

#### ..# ###.#
####...## #.#..#..#
.#..###..##..#
#........@(##..#
#..#....o.###..#
#..#.8#8..# #..#
#..##...##. #..#
#..####. # #..# ####
#..# .. #..# ...###
#..# ##. #..#
...#.###..##########..#
......................#


You could see an orc warrior.

Vanquished Creatures
  Sigmund (D:3)
  An ogre (D:4)
  2 centaurs (D:5)
  A scorpion (D:4)
  2 orc priests
  2 worker ants
  Terence (D:2)
  An iguana (D:5)
  4 orc wizards
  A hound skeleton (D:5)
  6 adders
  3 oozes
  2 adder skeletons
  7 worms
  2 dart slugs
  3 leopard geckos
  15 orcs
  6 bats
  4 giant cockroaches
  A goblin (D:1)
  4 hobgoblins
  10 jackals
  A quokka (D:3)
  A ball python (D:2)
  8 frilled lizards
  6 kobolds
  A leopard gecko skeleton (D:4)
  A quokka skeleton (D:4)
  4 rats
101 creatures vanquished.

Vanquished Creatures (others)
  3 withered plants (D:4)
3 creatures vanquished.

Grand Total: 104 creatures vanquished

Notes
Turn   | Place    | Note
-------+----------+-------------------------------------------
     0 | D:1      | nomadicburrito the Vine Stalker Monk began the quest for
                  | the Orb.
     0 | D:1      | Reached XP level 1. HP: 11/11 MP: 2/2
    99 | D:1      | Reached XP level 2. HP: 8/16 MP: 3/3
  1245 | D:2      | Reached XP level 3. HP: 19/19 MP: 4/4
  1858 | D:2      | Noticed Terence
  2624 | D:2      | Killed Terence
  2625 | D:2      | Reached skill level 4 in Unarmed Combat
  2625 | D:2      | Gained mutation: Your natural rate of healing is unusually
                  | fast. [Vine Stalker growth]
  2625 | D:2      | Reached XP level 4. HP: 2/23 MP: 0/5
  2909 | D:3      | Reached XP level 5. HP: 28/28 MP: 6/6
  3092 | D:3      | Noticed Sigmund
  3113 | D:3      | Killed Sigmund
  3114 | D:3      | Reached XP level 6. HP: 19/33 MP: 5/7
  3157 | D:3      | Reached skill level 5 in Unarmed Combat
  3367 | D:3      | Found a stormy altar of Qazlal.
  3667 | D:4      | Found a snail-covered altar of Cheibriados.
  3769 | D:4      | You fall into a shaft and drop 1 floor!
  3769 | D:5      | Entered Level 5 of the Dungeon
  3827 | D:4      | Reached XP level 7. HP: 4/37 MP: 0/8
  4144 | D:4      | Reached skill level 5 in Stealth
  4252 | D:4      | Found a runed translucent gate.
  4252 | D:4      | Found a runed translucent gate.
  4252 | D:4      | Found a runed translucent gate.
  4257 | D:4      | Noticed mandarbmax's ghost (amateur DsVM)
  4257 | D:4      | Noticed garrulousMonolith's ghost (amateur GrEE)
  4258 | D:4      | Noticed mandarbmax's ghost (amateur BaSu)
  4591 | D:5      | Found Quyllaul's Armour Emporium.
  4594 | D:5      | Bought a +0 pair of boots for 49 gold pieces
  4622 | D:5      | Reached skill level 6 in Unarmed Combat
  4717 | D:5      | Gained mutation: You have razor-sharp teeth. [Vine Stalker
                  | growth]
  4717 | D:5      | Reached XP level 8. HP: 22/42 MP: 9/9
  4937 | D:5      | Found Sinuasoch's Antique Weapon Emporium.
  4961 | D:5      | Found a runed translucent door.
  5021 | D:5      | Mangled by an orc warrior

Illustrated notes

Levels and vault maps discovered:
D:1:      arrival_zaba_pyramid, layout_basic, hex_intersection,
          minmay_misc_feat_square
D:2:      layout_rooms, uniq_terence
D:3:      layout_loops_ring, marbit_many_paths, uniq_sigmund
D:4:      layout_basic, gammafunk_ghost_cemetery, kennysheep_slug_shrine
D:5:      layout_cave_pools, ebering_ghost_sewer_d, serial_shops,
          nicolae_shop_behind_doors, shop, guppyfry_early_orc_mine

Skill      XL: |  1  2  3  4  5  6  7 |
---------------+----------------------+-----
Fighting       | 3 4 |  4.5
Stealth        | 3 4 5 |  5.7
Unarmed Combat | 4 5 6 |  6.4
Dodging        | 3 4 |  4.0

Action                   |  1- 3 |  4- 6 |  7- 9 || total
-------------------------+-------+-------+-------++-------
Melee: Unarmed           |   155 |   131 |   134 ||   420
       Bite              |    52 |    37 |    47 ||   136
       Punch             |     2 |     2 |     6 ||    10
 Abil: Evoke Invisibilit |     1 |       |       ||     1
  Use: Scroll            |     4 |     1 |       ||     5
       Potion            |     2 |       |       ||     2
 Stab: Sleeping          |     4 |     5 |     1 ||    10
Armor: Robe              |    22 |    24 |    16 ||    62
Dodge: Dodged            |    84 |   100 |    86 ||   270

Table legend: (Time is in decaauts)
 A = Elapsed time spent in this place.
 B = Non-inter-level travel time spent in this place.
 C = Inter-level travel time spent in this place.
 D = Time resting spent in this place.
 E = Time spent auto-exploring this place.
 F = Levels seen in this place.
 G = Mean time per level.
                   A        B        C        D        E       F      G
               +--------+--------+--------+--------+--------+-----+--------+
         Total |   4985 |   4877 |    108 |    672 |   3213 |   5 |  997.0 |
       Dungeon |   4985 |   4877 |    108 |    672 |   3213 |   5 |  997.0 |
               +--------+--------+--------+--------+--------+-----+--------+

Top non-repeatable levels by time:
     D:1: 1758 daAuts
     D:2: 1090 daAuts
     D:4: 891 daAuts
     D:3: 800 daAuts
     D:5: 443 daAuts
